 Dungeon Crawl Stone Soup version 0.31-a0-986-g5e6e4ef867 (webtiles) character file.

Game seed: 14018405634595982641

25 wildpjah the Trooper (level 2, 0/27 HPs)
             Began as a Draconian Monk on Nov 18, 2023.
             Slain by a gnoll
             ... wielding a +3 spear
              (6 damage)
             ... on level 2 of the Dungeon.
             The game lasted 00:01:18 (950 turns).

wildpjah the Trooper (Draconian Monk)                Turns: 950, Time: 00:01:20

Health: 0/27       AC:  8    Str: 13    XL:     2   Next: 86%
Magic:  2/2        EV: 12    Int: 10    God:
Gold:   34         SH:  0    Dex: 13    Spells: 1/1 levels left

rFire   . . .        a - +0 falchion
rCold   . . .        c - orb {light}
rNeg    . . .        (body armour unavailable)
rPois   .            (helmet restricted)
rElec   .            (no cloak)
rCorr   .            (no gloves)
SInv    .            (no boots)
Will    .....        g - amulet of the acrobat
Stlth   +            f - +4 ring of protection
HPRegen 0.24/turn    (no ring)
MPRegen 0.08/turn

%: acrobat
@: glowing
A: AC +4, unfitting armour, cold-blooded
a: no special abilities


You were on level 2 of the Dungeon.
You visited 1 branch of the dungeon, and saw 2 of its levels.

You collected 34 gold pieces.

Inventory:

Hand Weapons
 a - a +0 falchion (weapon)
Armour
 c - an orb of light (worn)
Jewellery
 f - a +4 ring of protection (left hand)
 g - an amulet of the acrobat (around neck)
 j - an amulet of reflection
Scrolls
 d - a scroll of revelation {unknown}
 h - 2 scrolls of fog {unknown}
 i - 4 scrolls of identify {unknown}
 k - a scroll of amnesia {unknown}
Potions
 b - a potion of ambrosia
 e - a potion of attraction {unknown}


   Skills:
 + Level 3.7 Fighting
 + Level 3.4 Long Blades
 + Level 3.0 Dodging


You had one spell level left.
You didn't know any spells.
Your spell library contained the following spells:

 Spells                   Type           Power      Damage    Failure   Level
 Magic Dart               Conj           0%         1d3       36%         1
 Call Imp                 Summ           0%         N/A       50%         2
 Mephitic Cloud           Conj/Pois/Air  0%         N/A       75%         3
 Stone Arrow              Conj/Erth      0%         3d7       75%         3
 Lehudib's Crystal Spear  Conj/Erth      0%         10d2      100%        8
 Animate Armour           Summ/Erth      Unusable   N/A       N/A         4

Dungeon Overview and Level Annotations

Branches:
Dungeon (2/15)

Altars:


Innate Abilities, Weirdness & Mutations

Your plain brown scales are hard. (AC +4)
You cannot fit into any form of body armour.
You are cold-blooded and may be slowed by cold attacks.


Message History

A hobgoblin comes into view.
The hobgoblin shouts!
The hobgoblin misses you.
You barely miss the hobgoblin. The hobgoblin barely misses you. x2
You hit the hobgoblin but do no damage. The hobgoblin closely misses you.
You hit the hobgoblin.
The hobgoblin is moderately wounded.
The hobgoblin closely misses you.
You hit the hobgoblin.
You kill the hobgoblin!
No target in view!
No target in view!
No target in view!
No target in view!
You see here a hobgoblin corpse.
Found an escape hatch in the ceiling.
There is an escape hatch in the ceiling here.
A gnoll comes into view. It is wielding a +0 spear.
A gnoll is nearby! 2 gnolls come into view.
The gnoll shouts!
A gnoll comes into view. It is wielding a +0 whip.
Found a stone staircase leading down.
The gnoll completely misses you. The gnoll misses you.
You hit the gnoll. You tail-slap the gnoll.
The gnoll is heavily wounded.
The gnoll hits you with a +0 spear. The gnoll hits you with a +3 spear.
You hit the gnoll.
The gnoll is severely wounded.
The gnoll closely misses you. The gnoll misses you.
You barely miss the gnoll. You tail-slap the gnoll.
The gnoll is almost dead.
The gnoll hits you but does no damage. The gnoll hits you with a +3 spear!
You barely miss the gnoll.
The gnoll is almost dead.
The gnoll barely misses you. The gnoll hits you with a +3 spear.
The gnoll hits you with a +0 spear!
* * * LOW HITPOINT WARNING * * *
The gnoll hits you with a +3 spear.
You die...

#..... #...... #.....
#...... .. #....
#####.. ...##....
#.....
........#########.....
......................
...###.#########...#.
#...# #...#. #@###
#...#. #...ggg# #...#†
...#...## #...#. .....
####...#. #.....
......... ...#.##
########. >.... ##
.###.


You could see 3 gnolls.

Vanquished Creatures
  A dart slug (D:2)
  An endoplasm (D:1)
  A goblin (D:1)
  A hobgoblin (D:2)
  4 jackals (D:1)
  3 kobolds (D:1)
  2 quokkas
  3 ball pythons (D:1)
  3 bats (D:1)
  A frilled lizard (D:2)
  2 rats (D:1)
22 creatures vanquished.

Notes
Turn   | Place    | Note
-------+----------+-------------------------------------------
     0 | D:1      | wildpjah the Draconian Monk began the quest for the Orb.
     0 | D:1      | Reached XP level 1. HP: 19/19 MP: 1/1
   206 | D:1      | Reached XP level 2. HP: 24/26 MP: 2/2
   843 | D:2      | Identified the +2 leather armour of the Eight Teeth {rPois}
   950 | D:2      | Slain by a gnoll

Illustrated notes

Levels and vault maps discovered:
D:1:      dpeg_arrival_rooms_c, layout_basic
D:2:      layout_basic, hellmonk_ecumenical_altar_lost_god,
          kennysheep_generic_room_9

Skill      XL: |  1  2 |
---------------+-------+-----
Dodging        | 3 |  3.0
Fighting       | |  3.7
Long Blades    | |  3.4

Action                     || total
---------------------------++-------
  Melee: Falchion          ||    59
         Tailslap          ||     7
 Armour: Skin              ||    39
  Dodge: Dodged            ||    51

Table legend: (Time is in decaauts)
 A = Elapsed time spent in this place.
 B = Non-inter-level travel time spent in this place.
 C = Inter-level travel time spent in this place.
 D = Time resting spent in this place.
 E = Time spent auto-exploring this place.
 F = Levels seen in this place.
 G = Mean time per level.
                   A        B        C        D        E       F      G
               +--------+--------+--------+--------+--------+-----+--------+
         Total |    957 |    926 |     31 |      0 |    764 |   2 |  478.5 |
       Dungeon |    957 |    926 |     31 |      0 |    764 |   2 |  478.5 |
               +--------+--------+--------+--------+--------+-----+--------+

Top non-repeatable levels by time:
     D:1: 841 daAuts
     D:2: 116 daAuts
